Map: Terraform LE (Void)

Players

Javert - Winner!

  • Race: Zerg Zerg
  • League: Platinum

JorgeCis

  • Race: Terran Terran
  • League: Platinum

VOD

Have the link to the VOD?

Description

Time

  • Played on: Aug. 16, 2015, 7:08 p.m.
  • Length: 13:57
Show
View Real Time Build Order
Export as new Build Order

Javert Zerg - Winner!

Build Orders: Hatch First, Lurkers 

Get SALT Encoding   

  12  0:01  Drone  
  13  0:15  Overlord  
  13  0:20  Drone  
  14  0:33  Drone  
  14  0:34  Drone  
  16  0:37  Drone  
  17  0:54  Hatchery  
  16  0:58  Drone  
  16  1:02  Extractor  
  16  1:03  Drone  
  17  1:18  Spawning Pool  
  17  1:19  Drone  
  17  1:22  Drone  
  18  1:31  Drone  
  19  1:42  Drone  
  20  1:53  Drone  
  21  2:05  Queen  
  21  2:06  Metabolic Boost  
  21  2:08  Queen  
  23  2:09  Overlord  
  23  2:14  Zergling x4  
  27  2:24  Drone  
  27  2:27  Overlord  
  28  2:33  Spore Crawler  
  28  2:41  Drone  
  29  2:44  Queen  
  29  2:48  Drone  
  29  2:49  Drone x2  
  34  3:05  Zergling x6  
  37  3:18  Drone x3  
  40  3:22  Hatchery, Overlord  
  39  3:30  Drone  
  39  3:31  Drone x2  
  42  3:36  Drone x2  
  44  3:42  Drone  
  44  3:43  Drone x2  
  44  3:56  Drone x6  
  50  4:12  Overlord  
  50  4:14  Extractor  
  50  4:16  Extractor  
  47  4:32  Extractor  
  47  4:36  Lair  
  47  4:37  Burrow  
  46  4:42  Drone x11  
  56  4:47  Spore Crawler  
  55  4:53  Drone x2  
  55  4:54  Drone x3  
  60  5:05  Zergling x6  
  60  5:06  Zergling x6  
  66  5:08  Overlord  
  66  5:17  Spore Crawler, Spine Crawler, Queen  
  66  5:19  Overlord  
  66  5:28  Drone x3  
  69  5:29  Evolution Chamber  
  69  5:30  Evolution Chamber  
  69  5:33  Overlord  
  69  5:35  Extractor  
  66  5:37  Spire, Extractor  
  66  5:38  Overlord x3  
  66  5:39  Drone  
  66  5:40  Drone x4  
  66  5:53  Drone  
  66  5:54  Drone x7  
  74  6:17  Overlord  
  74  6:27  Hydralisk Den  
  73  6:36  Overlord x2  
  73  6:47  Lurker Den  
  73  6:52  Mutalisk  
  73  6:53  Mutalisk x12  
  99  6:59  Overlord  
  99  7:05  Drone x7  
  106  7:09  Overlord x3  
  106  7:12  Zerg Missile Weapons Level 1  
  106  7:18  Extractor  
  106  7:19  Hatchery  
  106  7:22  Extractor  
  102  7:30  Mutalisk  
  102  7:31  Mutalisk x3  
  102  7:35  Overseer  
  110  7:44  Spore Crawler  
  110  7:48  Zerg Ground Armor Level 1  
  110  7:51  Zergling x14  
  108  7:52  Zergling x22  
  108  7:58  Pneumatized Carapace  
  125  8:02  Drone  
  126  8:13  Overlord  
  126  8:14  Overlord  
  126  8:16  Hydralisk x5  
  104  9:01  Hydralisk x9  
  104  9:02  Hydralisk x5  
  128  9:15  Zerg Missile Weapons Level 2  
  128  9:21  Drone  
  128  9:22  Drone x7  
  136  9:34  Lurker x4  
  136  9:36  Zergling x10  
  145  9:43  Infestation Pit  
  145  9:45  Zergling x2  
  145  9:46  Zergling x12  
  151  9:54  Muscular Augments  
  122  10:32  Hydralisk  
  122  10:33  Hydralisk x12  
  148  10:47  Drone x3  
  148  10:48  Drone x5  
  156  10:50  Zerg Ground Armor Level 2  
  156  10:53  Zergling x2  
  156  10:54  Zergling x12  
  163  11:01  Spore Crawler  
  162  11:04  Spine Crawler  
  162  11:05  Spore Crawler  
  162  11:08  Spore Crawler  
  159  11:18  Roach Warren  
  159  11:19  Mutalisk x4  
  159  11:20  Mutalisk  
  152  11:48  Hive  
  152  11:53  Zergling x2  
  155  11:54  Zergling x38  
  155  11:55  Zergling x2  
  155  11:58  Glial Reconstitution  
  173  12:05  Mutalisk  
  173  12:07  Overlord  
  173  12:08  Overlord x2  
  175  12:19  Overlord x2  
  175  12:21  Extractor  
  175  12:22  Hatchery  
  173  12:25  Extractor  
  167  12:37  Hydralisk  
  167  12:38  Hydralisk x15  
  195  12:51  Baneling Nest  
  194  12:59  Lurker x4  
  194  13:00  Lurker  
  199  13:09  Ultralisk Cavern  
  182  13:42  Drone x3  
  182  13:43  Drone x6  
Show
View Real Time Build Order
Export as new Build Order

JorgeCis Terran 

Build Orders: Reaper Expand, MMM Bio 

Get SALT Encoding   

  12  0:00  SCV  
  13  0:13  SCV  
  14  0:18  Supply Depot  
  14  0:25  SCV  
  15  0:32  Refinery  
  15  0:41  Barracks  
  15  0:45  SCV  
  16  0:57  SCV  
  17  1:09  SCV  
  18  1:21  SCV  
  19  1:29  Reaper  
  19  1:30  Supply Depot  
  20  1:33  Orbital Command  
  20  2:00  Command Center  
  20  2:01  SCV  
  20  2:05  Marine  
  22  2:13  SCV  
  23  2:24  Refinery, Bunker  
  23  2:25  SCV  
  23  2:27  Marine  
  25  2:37  SCV  
  25  2:42  Factory  
  26  2:45  Marine  
  26  2:50  SCV  
  28  3:02  SCV, Supply Depot  
  28  3:04  Supply Depot  
  29  3:10  Marine  
  30  3:14  SCV  
  30  3:15  Orbital Command  
  31  3:26  SCV  
  32  3:32  Factory Tech Lab, Starport  
  32  3:38  SCV  
  32  3:39  Marine  
  35  3:41  SCV  
  35  3:50  SCV  
  34  4:03  Marine  
  34  4:07  SCV  
  34  4:08  Siege Tank  
  39  4:14  Barracks  
  39  4:17  Starport Tech Lab  
  39  4:19  SCV  
  40  4:31  Command Center, SCV, Orbital Command  
  41  4:43  SCV  
  41  4:56  SCV, Supply Depot  
  41  4:58  SCV  
  43  5:00  Marine  
  43  5:01  Siege Tank  
  43  5:02  Banshee  
  43  5:03  Cloaking Field  
  43  5:05  Barracks Tech Lab  
  50  5:08  SCV  
  50  5:10  SCV  
  52  5:20  SCV, Supply Depot  
  53  5:22  SCV  
  53  5:23  Engineering Bay  
  53  5:24  Marine  
  53  5:27  Stimpack  
  55  5:32  SCV  
  55  5:35  SCV  
  57  5:44  SCV  
  57  5:47  SCV  
  58  5:53  Banshee  
  58  5:54  Orbital Command  
  58  5:55  Marine  
  58  5:56  SCV  
  63  5:58  Terran Infantry Weapons Level 1  
  63  5:59  SCV, Engineering Bay  
  63  6:01  Armory  
  64  6:08  SCV  
  64  6:11  Refinery, Missile Turret  
  65  6:13  SCV, Marine  
  65  6:16  Siege Tank  
  70  6:19  Barracks  
  70  6:20  SCV  
  71  6:26  SCV  
  71  6:30  Marine  
  73  6:32  SCV  
  73  6:38  SCV  
  74  6:41  Marine  
  74  6:44  SCV  
  74  6:45  Starport Reactor  
  76  6:47  Missile Turret  
  76  6:48  Marine  
  76  6:50  SCV  
  76  6:52  Starport  
  76  6:53  Missile Turret  
  76  6:54  Barracks  
  78  6:57  SCV  
  78  6:59  Marine  
  80  7:01  Terran Infantry Armor Level 1  
  80  7:03  SCV  
  80  7:06  Marine  
  80  7:07  Missile Turret  
  82  7:09  SCV  
  82  7:13  Orbital Command  
  82  7:15  SCV  
  84  7:16  Marine  
  84  7:19  Bunker  
  84  7:22  Orbital Command  
  85  7:24  Marine  
  85  7:26  Marine  
  86  7:32  SCV  
  86  7:34  Marine, Starport Reactor  
  86  7:35  Medivac x2  
  86  7:36  SCV  
  93  7:53  Supply Depot  
  93  7:59  Supply Depot, Combat Shields  
  93  8:01  Barracks Reactor, Supply Depot  
  93  8:02  Concussive Shells  
  93  8:04  Missile Turret  
  93  8:13  Barracks  
  93  8:14  Marine x2  
  93  8:15  SCV x3  
  93  8:17  Refinery  
  98  8:20  Thor  
  98  8:23  Supply Depot  
  98  8:26  Missile Turret  
  98  8:27  SCV x3, Refinery  
  105  8:32  Marine x2  
  79  8:43  Liberator x3  
  78  8:53  Marauder, Marine x4  
  78  8:58  SCV  
  78  9:02  SCV  
  79  9:10  SCV, Marine x2  
  79  9:11  Marine x2  
  79  9:14  Missile Turret, Marine  
  79  9:16  Missile Turret, Marine  
  86  9:28  Marine x3  
  86  9:29  Marine  
  90  9:32  Medivac, Marine  
  90  9:34  Supply Depot  
  90  9:36  Supply Depot  
  93  9:40  Barracks Reactor  
  93  9:43  Barracks  
  93  9:48  Missile Turret  
  93  9:55  Marine x3  
  93  9:56  SCV, Marine x2  
  93  9:57  Missile Turret  
  84  10:13  Marine x5  
  68  10:19  Marine  
  68  10:20  Liberator, Marine  
  70  10:28  SCV x2  
  70  10:31  Marine x4  
  70  10:32  Marauder  
  70  10:34  Marine  
  77  10:37  Marine x2, Medivac x3  
  77  10:39  Terran Infantry Weapons Level 2  
  77  10:41  SCV x2  
  90  10:59  Terran Infantry Armor Level 2  
  90  11:02  Supply Depot  
  90  11:03  Supply Depot  
  90  11:08  Command Center  
  90  11:13  Supply Depot  
  90  11:14  Supply Depot  
  90  11:23  Marine x4  
  90  11:24  Marine x4  
  82  11:41  Marine x4  
  82  11:42  Marine x4  
  84  11:47  Siege Tank  
  87  11:59  Marauder, Marine x2  
  87  12:00  Marine x4  
  96  12:04  SCV  
  97  12:09  Barracks Tech Lab  
  97  12:14  Liberator  
  99  12:16  Marine x2  
  99  12:18  Marine x4  
  99  12:20  Marine  
  106  12:29  Marauder  
  102  12:34  Marine x2  
  102  12:35  Marine x4  
  108  12:48  Marauder  
  108  12:50  Marine  
  111  12:58  Marine  
Tags
 
Add a new tag
Caveats
  • Supply blocks, unpowered buildings, or Contaminate may cause inaccurate times.
  • Supply counts are checked every 10 seconds.